 Dungeon Crawl Stone Soup version 0.29-a0-422-gafbd6decc1 (webtiles) character file.

Game seed: 1421971929083895566

306 spiderkeys the Skirmisher (level 6, -13/66 HPs)
             Began as an Ogre Abyssal Knight on May 19, 2022.
             Was a Priest of Lugonu.
             Killed by divine providence
             ... invoked by an orc priest
              (15 damage)
             ... on level 4 of the Dungeon.
             The game lasted 00:04:36 (4205 turns).

spiderkeys the Skirmisher (Ogre Abyssal Knight)     Turns: 4205, Time: 00:04:37

Health: -13/66     AC:  5    Str: 18    XL:     6   Next: 39%
Magic:  8/8        EV: 10    Int: 13    God:    Lugonu [***...]
Gold:   166        SH:  0    Dex:  9    Spells: 7/7 levels left

rFire   + . .      SeeInvis .   u - +7 Throatcutter {drain, coup de grace}
rCold   + . .      Faith    .   (no shield)
rNeg    . . .      Spirit   .   b - +0 robe
rPois   +          Reflect  .   (helmet restricted)
rElec   +          Harm     .   (no cloak)
rCorr   +          Rampage  .   (gloves unavailable)
Will    .....                   (boots unavailable)
Stlth   +.........              (no amulet)
HPRegen 0.21/turn               (no ring)
MPRegen 0.11/turn               (no ring)

@: brilliant, resistant, hasted, invisible, very quick
A: large, unfitting armour, tough skin 1, iridescent scales 1, sense
surroundings 1, screaming 1
a: Renounce Religion, Depart the Abyss, Bend Space, Banish


You were on level 4 of the Dungeon.
You worshipped Lugonu.
Lugonu was most pleased with you.
You visited 1 branch of the dungeon, and saw 4 of its levels.
You visited the Abyss 1 time.

You collected 166 gold pieces.


Innate Abilities, Weirdness & Mutations

You are too large for most types of armour.
You have tough skin. (AC +1)
You are partially covered in iridescent scales. (AC +2)
You passively map a small area around you.
You occasionally shout uncontrollably at your foes.


   Skills:
 + Level 5.6 Fighting
 + Level 0.9 Long Blades
 - Level 3.2 Polearms
 + Level 3.5 Dodging
 + Level 1.2 Spellcasting
 + Level 3.8 Invocations


You had 7 spell levels left.
You didn't know any spells.
Your spell library contained the following spells:

 Spells                   Type           Power      Damage    Failure   Level
 Dazzling Flash           Conj/Hex       2%         N/A       63%         3
 Agony                    Necr           1%         N/A       100%        5
 Silence                  Hex/Air        0%         N/A       100%        5

Inventory:

Hand Weapons
 a - a +1 spear
 u - the +7 Throatcutter (weapon) {drain, coup de grace}
   (You found it on level 3 of the Dungeon)

   A truly terrible weapon, it drains the life of any living foe it strikes.
   It may instantly kill foes which have little health.
Missiles
 c - 105 stones
 d - 8 poisoned darts
Armour
 b - a +0 robe (worn)
 j - a +0 robe
   (You found it on level 1 of the Dungeon)
 o - a +0 robe
   (You took it off Jessica on level 2 of the Dungeon)
 v - a +0 robe
   (You took it off an orc wizard on level 3 of the Dungeon)
Magical Staves
 y - a staff of fire {!a}
   (You found it on level 4 of the Dungeon)
Wands
 m - a wand of polymorph (3)
   (You found it on level 2 of the Dungeon)
Scrolls
 i - a scroll of poison {!r}
 l - 2 scrolls of enchant weapon
 n - a scroll of noise {!r}
 q - a scroll of brand weapon {unknown}
 r - a scroll of blinking {unknown}
 x - a scroll of identify {@r1}
 z - 2 scrolls of magic mapping {unknown}
Potions
 e - a potion of berserk rage {unknown}
 f - a potion of cancellation {unknown}
 g - a potion of mutation {!q}
 h - a potion of brilliance
 k - a potion of haste {@q3}
 p - a potion of heal wounds {unknown}
 s - a potion of resistance
 t - a potion of lignification {unknown}
 w - 2 potions of invisibility

Dungeon Overview and Level Annotations

Branches:
Dungeon (4/15)
 Temple: D:4-7

Altars:

#.#. .... ..#######... ,
....# #..#* #...........
.....##..# #########...
......Z..# #.## *,
......)g.# #.## .........#
#... ......##Z##
##############
......#.Zo#####.........#
*#.......gor@..^....####.#
#######..o#####.##.#
#.#### ##.##
#.##.####.....
#.######)##..........
#........############
##########


You could see an orc priest (can't see you), 2 orcs, a quokka (can't see you), a
goblin (can't see you), a water moccasin skeleton (can't see you) and a quokka
skeleton (can't see you).


Message History

The ball python attacks as you move away!
The ball python bites you.
An orc priest comes into view. It is wielding a +0 club. 😮 HP[-1]
You take 1 damage, and now have 49/66 hp.
The water moccasin skeleton attacks as you move away!
The water moccasin skeleton bites you.
The hound zombie attacks as you move away!
The hound zombie misses you. 😮 HP[-5]
You take 5 damage, and now have 44/66 hp.
The hound zombie bites you.
The orc priest calls down the wrath of Beogh upon you.
Beogh smites you!
* * * LOW HITPOINT WARNING * * *
😨 HP[-11]
You take 11 damage, and now have 33/66 hp.
You slash the hound zombie! The hound zombie bites you.
* * * LOW HITPOINT WARNING * * *
😨 HP[-1]
You take 1 damage, and now have 32/66 hp.
You barely miss the ball python.
An orc comes into view. It is wielding a +0 dagger.
The ball python bites you but does no damage.
You hit the ball python.
You kill the ball python!
Lugonu accepts your kill.
The orc priest mumbles some strange prayers to Beogh against you.
Beogh smites you!
* * * LOW HITPOINT WARNING * * *
The hound zombie bites you.
* * * LOW HITPOINT WARNING * * *
You hear a shout! 😨 HP[-10]
You take 10 damage, and now have 22/66 hp.
You slash the hound zombie!
You put the hound zombie out of its misery!
You destroy the hound zombie!
Lugonu accepts your kill. The water moccasin skeleton bites you.
* * * LOW HITPOINT WARNING * * *
😨 HP[-1]
You take 1 damage, and now have 21/66 hp.
You completely miss the water moccasin skeleton.
The water moccasin skeleton completely misses you.
A goblin comes into view. It is wielding a +0 club.
The water moccasin skeleton bites you.
* * * LOW HITPOINT WARNING * * *
😨 HP[-1]
You take 1 damage, and now have 20/66 hp.
You barely miss the water moccasin skeleton. 😨 HP[+1]
You hit the orc but do no damage. You drain the orc.
The orc hits you but does no damage.
You slash the orc!
You kill the orc!
Lugonu accepts your kill. The quokka bites you.
* * * LOW HITPOINT WARNING * * *
😨 HP[-2]
You take 2 damage, and now have 19/66 hp.
You closely miss the quokka. The quokka barely misses you. x2
You closely miss the quokka. The quokka barely misses you. 😨 HP[+1]
You barely miss the quokka. The quokka bites you.
* * * LOW HITPOINT WARNING * * *
The orc priest calls down the wrath of Beogh upon you.
Beogh smites you!
* * * LOW HITPOINT WARNING * * *
The quokka bites you.
* * * LOW HITPOINT WARNING * * *
😱 HP[-15]
You take 15 damage, and now have 5/66 hp.
MASSIVE DAMAGE!! (PAUSE) It was a potion of invisibility.
You fade into invisibility!
The quokka bites you.
* * * LOW HITPOINT WARNING * * *
😱 HP[-2]
You take 2 damage, and now have 3/66 hp.
It was a potion of resistance.
You feel protected. The quokka bites you.
* * * LOW HITPOINT WARNING * * *
😱 HP[-2]
You take 2 damage, and now have 1/66 hp.
It was a potion of haste.
You feel yourself speed up. The quokka closely misses you.
The quokka bites you but does no damage. 😱 HP[+1] It was a potion of mutation.
You feel extremely strange.
Iridescent scales grow over part of your body.
You feel a strange attunement to the structure of the dungeons.
You feel the urge to shout.
It was a potion of brilliance.
You feel clever all of a sudden.
The quokka bites you but does no damage.
The orc priest calls down the wrath of Beogh upon you.
Beogh smites you!
You die...

Skill      XL: |  1  2  3  4  5  6 |
---------------+-------------------+-----
Invocations    | 3 |  3.8
Fighting       | 5 |  5.6
Polearms       | 3 |  3.2
Dodging        | 3 |  3.5
Spellcasting   | 1 |  1.2
Long Blades    | |  0.9

Action                   |  1- 3 |  4- 6 || total
-------------------------+-------+-------++-------
Melee: Spear             |   109 |   117 ||   226
       Punch             |     2 |     2 ||     4
       Long sword        |       |    69 ||    69
Throw: Dart              |     3 |     1 ||     4
Invok: Bend Space        |       |     1 ||     1
Evoke: Wand              |       |     2 ||     2
  Use: Scroll            |     3 |       ||     3
       Potion            |       |     5 ||     5
Armor: Robe              |    32 |    35 ||    67
Dodge: Dodged            |    67 |    94 ||   161

Levels and vault maps discovered:
D:1:      minmay_arrival_radiant_lines, layout_rooms,
          shapermc_ecumenical_altar_acropolis, minmay_pentomino_v2
D:2:      layout_loops_ring, minmay_lizard_pond, uniq_natasha, uniq_jessica
D:3:      layout_loops_cross, kennysheep_generic_room_15, uniq_terence
D:4:      layout_loops_ring, serial_undead, serial_undead_a, serial_undead_c,
          serial_undead_d, serial_undead_b, serial_undead_b, serial_undead_e,
          serial_undead_f, columned_hall_lemuel

Notes
Turn   | Place    | Note
-------+----------+-------------------------------------------
     0 | Abyss:1  | spiderkeys the Ogre Abyssal Knight began the quest for the
                  | Orb.
     0 | Abyss:1  | Reached XP level 1. HP: 24/24 MP: 2/2
     0 | Abyss:1  | magus.rc [v1.11.3]
     9 | D:1      | You pass through the gate.
     9 | D:1      | Escaped the Abyss
    39 | D:1      | HP: 5/24 [ball python (3)]
   370 | D:1      | HP: 6/24 [jackal (1)]
   374 | D:1      | Reached XP level 2. HP: 9/32 MP: 3/3
   627 | D:1      | You fall into a shaft and drop 1 floor!
   665 | D:1      | Found a faded altar of an unknown god.
  1016 | D:2      | Reached XP level 3. HP: 38/40 MP: 4/4
  1208 | D:2      | Noticed Jessica
  1220 | D:2      | HP: 10/40 [Jessica/nerve-wracking pain (14)]
  1225 | D:2      | Killed Jessica
  1226 | D:2      | Reached XP level 4. HP: 6/49 MP: 4/6
  1652 | D:2      | Noticed Natasha
  1675 | D:2      | HP: 9/49 [white imp/puff of frost[Natasha] (7)]
  1676 | D:2      | Killed Natasha
  1676 | D:2      | Reached *** piety under Lugonu
  1677 | D:2      | Reached skill level 3 in Invocations
  2101 | D:2      | Noticed Natasha
  2122 | D:2      | Killed Natasha
  2123 | D:2      | Reached skill level 5 in Fighting
  2123 | D:2      | Reached skill level 3 in Polearms
  2123 | D:2      | Reached skill level 3 in Dodging
  2528 | D:2      | Noticed Natasha
  2542 | D:2      | Killed Natasha
  2543 | D:2      | Reached XP level 5. HP: 50/57 MP: 7/7
  2836 | D:3      | HP: 14/57 [poisoned by an adder]
  3304 | D:3      | Noticed Terence
  3310 | D:3      | Noticed Terence
  3310 | D:3      | Terence changed into Terence the jackal
  3314 | D:3      | Killed Terence the jackal
  3519 | D:3      | HP: 12/57 [something (16)]
  3522 | D:3      | Reached XP level 6. HP: 15/66 MP: 8/8
  3940 | D:3      | Reached skill level 1 in Spellcasting
  4107 | D:4      | You pick up a book of the Senses and begin reading...
  4107 | D:4      | You add the spells Dazzling Flash, Agony and Silence to
                  | your library.
  4200 | D:4      | HP: 9/66 [orc priest/divine providence (8)]
  4201 | D:4      | HP: 3/66 [quokka (2)]
  4202 | D:4      | HP: 1/66 [quokka (2)]
  4204 | D:4      | Gained mutation: You are partially covered in iridescent
                  | scales. (AC +2) [potion of mutation]
  4204 | D:4      | Gained mutation: You passively map a small area around you.
                  | [potion of mutation]
  4204 | D:4      | Gained mutation: You occasionally shout uncontrollably at
                  | your foes. [potion of mutation]
  4205 | D:4      | Killed from afar by an orc priest

Vanquished Creatures
  Jessica (D:2)
  Natasha (thrice) (D:2)
  An orc wizard (D:3)
  2 hound zombies (D:4)
  A howler monkey zombie (D:4)
  5 adders (D:3)
  A worm (D:3)
  5 dart slugs
  6 orcs
  6 endoplasms
  11 goblins
  6 hobgoblins
  7 jackals
  4 kobolds
  3 quokkas
  4 ball pythons
  6 bats
  4 frilled lizards (D:2)
  4 rats
80 creatures vanquished.

Table legend:
 A = Non-vault XP
 B = Vault XP
 C = Vault XP percentage of total XP
 D = Non-vault monster count
 E = Vault monster count
 F = Vault count percentage of total count
                 A         B        C        D         E       F
            +---------+---------+-------+---------+---------+-------
      Total |     284 |     154 |  35.2 |      67 |      13 |  16.2
            +---------+---------+-------+---------+---------+-------
        D:1 |      27 |       4 |  12.9 |      15 |       2 |  11.8
        D:2 |      92 |      76 |  45.2 |      15 |       6 |  28.6
        D:3 |     145 |      15 |   9.4 |      28 |       2 |   6.7
        D:4 |      20 |      59 |  74.7 |       9 |       3 |  25.0
            +---------+---------+-------+---------+---------+-------

Illustrated notes

Table legend:
 A = Kills in this place as a percentage of kills in entire the game.
 B = Kills by you in this place as a percentage of kills by you in the entire game.
 C = Kills by friends in this place as a percentage of kills by friends in the entire game.
 D = Other kills in this place as a percentage of other kills in the entire game.
 E = Experience gained in this place as a percentage of experience gained in the entire game.
 F = Experience gained in this place divided by the number of levels of this place that you have seen.
                   A       B       C       D       E      F
               +-------+-------+-------+-------+-------+----------------------
         Total | 100.0 | 100.0 |   N/A |   N/A | 100.0 |  87.6
       Dungeon | 100.0 | 100.0 |   N/A |   N/A | 100.0 | 109.5
               +-------+-------+-------+-------+-------+----------------------

Table legend: (Time is in decaauts)
 A = Elapsed time spent in this place.
 B = Non-inter-level travel time spent in this place.
 C = Inter-level travel time spent in this place.
 D = Time resting spent in this place.
 E = Time spent auto-exploring this place.
 F = Levels seen in this place.
 G = Mean time per level.
                   A        B        C        D        E       F      G
               +--------+--------+--------+--------+--------+-----+--------+
         Total |   4247 |   4009 |    238 |    924 |   2525 |   5 |  849.4 |
       Dungeon |   4238 |   4000 |    238 |    924 |   2521 |   4 | 1059.5 |
         Abyss |      9 |      9 |      0 |      0 |      4 |   1 |    9.0 |
               +--------+--------+--------+--------+--------+-----+--------+

Top non-repeatable levels by time:
     D:2: 1611 daAuts
     D:3: 1469 daAuts
     D:1: 985 daAuts
     D:4: 172 daAuts
 Abyss:1: 9 daAuts
